 Dungeon Crawl Stone Soup version 0.26-a0-597-gb535b0901c (webtiles) character file.

Game seed: 3298707424362223235

47 Lanoc the Skirmisher (level 3, 0/37 HPs)
             Began as a Troll Delver on Sept 3, 2020.
             Slain by a howler monkey (7 damage)
             ... on level 5 of the Dungeon.
             The game lasted 00:01:14 (318 turns).

Lanoc the Skirmisher (Troll Delver)                  Turns: 318, Time: 00:01:15

Health: 0/37       AC:  6    Str: 20    XL:     3   Next: 48%
Magic:  2/2        EV: 10    Int:  6    God:
Gold:   0          SH:  0    Dex: 12    Spells: 2/2 levels left

rFire    . . .     SeeInvis .     - Unarmed
rCold    . . .     Faith    .   (no shield)
rNeg     . . .     Spirit   .   a - +0 robe
rPois    .         Reflect  .   (helmet restricted)
rElec    .         Harm     .   (no cloak)
rCorr    .                      (gloves unavailable)
MR       .....                  (boots unavailable)
Stlth    ++........             (no amulet)
HPRegen  0.52/turn              (no ring)
MPRegen  0.08/turn              (no ring)

@: hasted, very quick
A: large, unfitting armour, claws 3, regeneration 1, shaggy fur 1, tough skin 3
a: no special abilities


You were on level 5 of the Dungeon.
You visited 1 branch of the dungeon, and saw 1 of its levels.

Inventory:

Armour
 a - a +0 robe (worn)
Wands
 f - a wand of digging (1)
Scrolls
 b - a scroll of fog
 c - a scroll of magic mapping
 d - a scroll of random uselessness {unknown}
Potions
 h - a potion of magic {unknown}


   Skills:
 + Level 3.1 Fighting
 + Level 2.5 Dodging
 - Level 2.7 Stealth
 - Level 2.0 Unarmed Combat


You had 2 spell levels left.
You didn't know any spells.
Your spell library was empty.

Dungeon Overview and Level Annotations

Branches:
Dungeon (5/15)
 Temple: D:4-7

Altars:


Innate Abilities, Weirdness & Mutations

You are too large for most types of armour.
You have claws for hands.
Your natural rate of healing is unusually fast.
You are covered in fur. (AC +1)
You have extremely tough skin. (AC +3)


Message History

The bullfrog is moderately wounded.
The bullfrog hits you!
* * * LOW HITPOINT WARNING * * *
You closely miss the bullfrog.
The bullfrog is moderately wounded.
The bullfrog hits you!
* * * LOW HITPOINT WARNING * * *
The bullfrog hits you but does no damage.
You feel yourself speed up. The bullfrog hits you.
* * * LOW HITPOINT WARNING * * *
A howler monkey comes into view.
The bullfrog hits you.
* * * LOW HITPOINT WARNING * * *
The bullfrog barely misses you.
The howler monkey howls!
The howler monkey hoots and howls with incredible vigour!
The howler monkey hits you.
* * * LOW HITPOINT WARNING * * *
The howler monkey hits you!
You die...

#...h.....###(##........
#.###..##.# #.#.....#.##
#.# #..##.# #.##...##
#.# #h.##.###.###.###.#
#h# #.................#
#.# ###.#.#######.#####
#.#####.#.# ##'##
#...h.Fh..# #...#
#######@### #.....# #.#
#.......# ...
#.........# .....
+.........+ ##...##
#.......(.# ##.##
##.....(.## #.#
##.....## #.#


You could see a bullfrog, a howler monkey (catching breath) and a hound.

Vanquished Creatures
  A worker ant (D:5)
  An adder (D:5)
  A white imp (D:5)
  An ufetubus (D:5)
4 creatures vanquished.

Notes
Turn   | Place    | Note
-------+----------+-------------------------------------------
     0 | D:5      | Lanoc the Troll Delver began the quest for the Orb.
     0 | D:5      | Reached XP level 1. HP: 22/22 MP: 0/0
    66 | D:5      | Reached XP level 2. HP: 18/29 MP: 1/1
   123 | D:5      | Reached skill level 3 in Fighting
   123 | D:5      | Reached XP level 3. HP: 17/37 MP: 2/2
   225 | D:5      | Noticed an ice beast
   245 | D:5      | Noticed an ogre
   278 | D:5      | Noticed a bullfrog
   290 | D:5      | HP: 1/37 [bullfrog (3)]
   318 | D:5      | Slain by a howler monkey

Illustrated notes

Levels and vault maps discovered:
D:5:      layout_loops_corners, grunt_gozag_statues, uniq_sigmund

Skill      XL: |  1  2 |
---------------+-------+-----
Dodging        | 2 |  2.5
Fighting       | 3 |  3.1
Stealth        | |  2.7
Unarmed Combat | |  2.0

Action                   || total
-------------------------++-------
Melee: Unarmed           ||    37
Evoke: Wand              ||     2
  Use: Scroll            ||     2
       Potion            ||     1
 Stab: Sleeping          ||     1
Armor: Robe              ||    16
Dodge: Dodged            ||    28

Table legend: (Time is in decaauts)
 A = Elapsed time spent in this place.
 B = Non-inter-level travel time spent in this place.
 C = Inter-level travel time spent in this place.
 D = Time resting spent in this place.
 E = Time spent auto-exploring this place.
 F = Levels seen in this place.
 G = Mean time per level.
                   A        B        C        D        E       F      G
               +--------+--------+--------+--------+--------+-----+--------+
         Total |    308 |    308 |      0 |     73 |    100 |   1 |  308.0 |
       Dungeon |    308 |    308 |      0 |     73 |    100 |   1 |  308.0 |
               +--------+--------+--------+--------+--------+-----+--------+

Top non-repeatable levels by time:
     D:5: 308 daAuts
